 Dungeon Crawl Stone Soup version 0.30.1-4-g462c640d31 (webtiles) character file.

Game seed: 16649279632618014715

0 safid the Chiller (level 1, 0/13 HPs)
             Began as a Merfolk Ice Elementalist on Sept 15, 2023.
             Slain by a hobgoblin (5 damage)
             ... on level 1 of the Dungeon.
             The game lasted 00:00:08 (45 turns).

safid the Chiller (Merfolk Ice Elementalist)          Turns: 45, Time: 00:00:08

Health: 0/13       AC:  2    Str:  8    XL:     1   Next: 10%
Magic:  0/3        EV: 12    Int: 14    God:
Gold:   0          SH:  0    Dex: 14    Spells: 3/4 levels left

rFire   . . .        (no weapon)
rCold   . . .        (no shield)
rNeg    . . .        a - +0 robe
rPois   .            (no helmet)
rElec   .            (no cloak)
rCorr   .            (no gloves)
SInv    .            (no boots)
Will    .....        (no amulet)
Stlth   ++           (no ring)
HPRegen 0.22/turn    (no ring)
MPRegen 0.08/turn

%: no passive effects
@: no status effects
A: (nimble swimmer 2), mertail
a: no special abilities


You were on level 1 of the Dungeon.
You visited 1 branch of the dungeon, and saw 1 of its levels.

Inventory:

Armour
 a - a +0 robe (worn)
Potions
 b - a potion of magic
 c - a potion of brilliance {unknown}


   Skills:
 + Level 0.0 Fighting
 - Level 2.6 Dodging
 - Level 2.1 Stealth
 + Level 2.0 Spellcasting
 + Level 4.4 Ice Magic


You had 3 spell levels left.
You knew the following spells:

 Your Spells              Type           Power      Damage    Failure   Level
a - Freeze                Ice            52%        1d6       4%          1

Your spell library contained the following spells:

 Spells                   Type           Power      Damage    Failure   Level
 Frozen Ramparts          Ice            26%        1d4       12%         3
 Ozocubu's Armour         Ice            13%        N/A       12%         3
 Summon Ice Beast         Ice/Summ       7%         N/A       67%         4


Dungeon Overview and Level Annotations

Branches:
Dungeon (1/15)

Altars:


Innate Abilities, Weirdness & Mutations

((You are very nimble when in or above water. (Stealth+, EV+, Speed+++)))
Your lower body shifts to a powerful aquatic tail in water.


Message History

Unknown command.
Casting: Freeze (safe; 4% risk of failure)
Confirm with . or Enter, or press ? or * to list all spells.
Aiming: Freeze (safe; 4% risk of failure)
Press: ? - help, Shift-Dir - straight line, f - hobgoblin
Aim: a hobgoblin You freeze the hobgoblin.
The hobgoblin is lightly wounded.
The hobgoblin completely misses you.
Unknown command.
Casting: Freeze (safe; 4% risk of failure)
Confirm with . or Enter, or press ? or * to list all spells.
Aiming: Freeze (safe; 4% risk of failure)
Press: ? - help, Shift-Dir - straight line, f/p - hobgoblin
Aim: a hobgoblin (lightly wounded)
You freeze the hobgoblin.
The hobgoblin is heavily wounded.
The hobgoblin hits you.
Unknown command.
Casting: Freeze (safe; 4% risk of failure)
Confirm with . or Enter, or press ? or * to list all spells.
You don't have enough magic to cast this spell.
Unknown command.
You barely miss the hobgoblin.
The hobgoblin is heavily wounded.
The hobgoblin barely misses you.
You barely miss the hobgoblin.
The hobgoblin is heavily wounded.
The hobgoblin hits you but does no damage.
Unknown command.
Casting: Freeze (safe; 4% risk of failure)
Confirm with . or Enter, or press ? or * to list all spells.
You don't have enough magic to cast this spell.
You barely miss the hobgoblin.
The hobgoblin is heavily wounded.
The hobgoblin hits you.
You hit the hobgoblin but do no damage.
The hobgoblin is heavily wounded.
The hobgoblin hits you.
You die...

.. ... ##... #..... .
####.... ..# ..... #...
##.g# .....##.@# #....##
##############...#
Q#H#N#M#h#B#M###.##.#..#
###############.........
.............'..##.###..
################# .#
d#B#i#f#9#K#H# #
##############


You could see a hobgoblin.

Vanquished Creatures
  A rat (D:1)
1 creature vanquished.

Notes
Turn   | Place    | Note
-------+----------+-------------------------------------------
     0 | D:1      | safid the Merfolk Ice Elementalist began the quest for the
                  | Orb.
     0 | D:1      | Reached XP level 1. HP: 13/13 MP: 3/3
     2 | D:1      | Noticed a demonspawn
     2 | D:1      | Noticed a meteoran
     4 | D:1      | Noticed an ogre
     4 | D:1      | Noticed a ghoul
     6 | D:1      | Noticed a demigod
     8 | D:1      | Noticed an elf
     8 | D:1      | Noticed a human
    10 | D:1      | Noticed a merfolk
    10 | D:1      | Noticed a minotaur
    12 | D:1      | Noticed a troll
    12 | D:1      | Noticed an octopode
    14 | D:1      | Noticed a tengu
    14 | D:1      | Noticed a draconian
    16 | D:1      | Noticed an armataur
    16 | D:1      | Noticed a formicid
    18 | D:1      | Noticed a naga
    18 | D:1      | Noticed a spriggan
    20 | D:1      | Noticed a vine stalker
    22 | D:1      | Noticed a felid
    22 | D:1      | Noticed a gargoyle
    24 | D:1      | Noticed a formicid
    27 | D:1      | Noticed an armataur
    45 | D:1      | Slain by a hobgoblin

Illustrated notes

Levels and vault maps discovered:
D:1:      kb_arrival_jail, layout_rooms

Action                     || total
---------------------------++-------
  Melee: Unarmed           ||     4
   Cast: Freeze            ||     3
 Armour: Robe              ||     1
  Dodge: Dodged            ||     2
